 Seeded DCSS version 0.30-a0-972-gf3ab3527aa (webtiles) character file.

Game seed: 7547814903460644772 (custom seed)

218 Gelion the Destroyer (level 5, -1/32 HPs)
             Began as a Deep Elf Conjurer on Apr 1, 2023.
             Succumbed to Crazy Yiuf's poison
             ... on level 3 of the Dungeon.
             The game lasted 00:03:49 (1965 turns).

Gelion the Destroyer (Deep Elf Conjurer)            Turns: 1965, Time: 00:03:50

Health: -1/32      AC:  2    Str:  4    XL:     5   Next: 63%
Magic:  13/18      EV: 14    Int: 25    God:
Gold:   138        SH:  0    Dex: 13    Spells: 15/22 levels left

rFire   . . .      SeeInvis .    (no weapon)
rCold   . . .      Faith    .    (no shield)
rNeg    . . .      Spirit   .    a - +0 robe
rPois   .          Reflect  .    (no helmet)
rElec   .          Rampage  .    (no cloak)
rCorr   .                        (no gloves)
Will    .....                    (no boots)
Stlth   ++                       (no amulet)
HPRegen 0.25/turn                (no ring)
MPRegen 0.16/turn                (no ring)

@: mighty, lethally poisoned (-1 -> -7)
A: no striking features
a: no special abilities


You were on level 3 of the Dungeon.
You visited 1 branch of the dungeon, and saw 3 of its levels.

You collected 138 gold pieces.

Inventory:

Armour
 a - a +0 robe (worn)
Scrolls
 c - a scroll of identify {unknown}
 e - a scroll of magic mapping {unknown}
 f - a scroll of immolation {unknown}
 i - a scroll of enchant weapon {unknown}
 j - a scroll of poison {unknown}
 k - a scroll of vulnerability {unknown}
 l - a scroll of teleportation {unknown}
Potions
 b - a potion of magic
 d - a potion of haste {unknown}
 g - a potion of might
 h - a potion of cancellation {unknown}
 m - a potion of degeneration {unknown}
 n - a potion of brilliance {unknown}
 o - a potion of flight {unknown}


   Skills:
 + Level 3.1 Fighting
 + Level 5.4 Dodging
 - Level 2.4 Stealth
 + Level 9.2 Spellcasting
 * Level 11.2 Conjurations
 + Level 0.3 Translocations


You had 15 spell levels left.
You knew the following spells:

 Your Spells              Type           Power      Damage    Failure   Level
a - Magic Dart            Conj           100%       1d8       1%          1
b - Searing Ray           Conj           100%       2d8       1%          2
c - Iskenderun's Mystic   Conj/Tloc      40%        2d9       4%          4

Your spell library contained the following spells:

 Spells                   Type           Power      Damage    Failure   Level
 Dazzling Flash           Conj/Hex       78%        N/A       1%          3
 Mephitic Cloud           Conj/Pois/Air  30%        N/A       3%          3
 Fulminant Prism          Conj/Hex       19%        3d10      5%          4
 Lesser Beckoning         Tloc           26%        N/A       7%          2
 Cigotuvi's Dreadful Rot  Necr/Pois/Air  22%        N/A       9%          2
 Poisonous Vapours        Pois/Air       22%        N/A       9%          2
 Gell's Gravitas          Tloc           13%        N/A       14%         3
 Teleport Other           Tloc           13%        N/A       14%         3
 Kindle Blastsparks       Fire/Tloc/Air  24%        2d12      16%         3
 Lee's Rapid Deconstruct  Erth           5%         3d6*      83%         5


Dungeon Overview and Level Annotations

Branches:
Dungeon (3/15)

Altars:
Wu Jian


Message History

You kill the worm!
Casting: Magic Dart (safe; 1% risk of failure)
Confirm with . or Enter, or press ? or * to list all spells.
You can't see any susceptible monsters within range! (Use Z to cast anyway.)
Casting: Magic Dart (safe; 1% risk of failure)
Confirm with . or Enter, or press ? or * to list all spells.
You can't see any susceptible monsters within range! (Use Z to cast anyway.)
There is a stone staircase leading up here.
You open the door.
Casting: Magic Dart (safe; 1% risk of failure)
Confirm with . or Enter, or press ? or * to list all spells.
Aiming: Searing Ray (safe; 1% risk of failure)
Press: ? - help, Shift-Dir - straight line, f - Crazy Yiuf
Aim: Crazy Yiuf, wielding a +4 quarterstaff of chaos and wearing a +0 cloak (85% to hit)
The searing ray hits Crazy Yiuf.
Crazy Yiuf is lightly wounded. (Press . to maintain the ray.) Crazy Yiuf hits you with a +4 quarterstaff of chaos!
You are poisoned.
The searing ray hits Crazy Yiuf.
Crazy Yiuf is moderately wounded.
You feel very sick. Crazy Yiuf misses you.
Unknown command.
The searing ray hits Crazy Yiuf!
Crazy Yiuf is severely wounded.
You feel very sick.
Crazy Yiuf hits you with a +4 quarterstaff of chaos!
* * * LOW HITPOINT WARNING * * *
Crazy Yiuf burns you.
* * * LOW HITPOINT WARNING * * *
The searing ray hits Crazy Yiuf!
You kill Crazy Yiuf!
You finish channelling your searing ray.
* * * LOW HITPOINT WARNING * * *
You feel sick.
Unknown command.
It was a potion of might.
You feel very mighty all of a sudden.
You die...

~###..## ≈#.#...#
≈#.###.# ≈#.....#
≈#.###.###
≈#.#.....#
♣♣♣♣♣###
≈###.##### ###
♣♣♣.♣....##
.....#####
#...#♣..♣..P...##
###.##...#
#...)@♣♣♣♣......#
###.##.###
#)..#♣♣ ♣♣P....#
.......### ###
♣♣##..#
.##......# #.##
.##....### #.#
.##.##.####
####.#
.##.......#
#####....#
.......##.#
#......###
....#####.###
#.###..#


There were no monsters in sight!

Vanquished Creatures
  Crazy Yiuf (D:3)
  Jessica (D:2)
  2 adders (D:2)
  3 worms
  A dart slug (D:3)
  An orc (D:3)
  3 ball pythons
  4 bats
  3 endoplasms
  7 hobgoblins
  3 jackals (D:2)
  2 quokkas (D:2)
  3 frilled lizards
  6 goblins
  4 kobolds
  2 rats (D:1)
46 creatures vanquished.

Vanquished Creatures (others)
  5 toadstools (D:3)
5 creatures vanquished.

Grand Total: 51 creatures vanquished

Notes
Turn   | Place    | Note
-------+----------+-------------------------------------------
     0 | D:1      | Gelion the Deep Elf Conjurer began the quest for the Orb.
     0 | D:1      | Reached XP level 1. HP: 10/10 MP: 6/6
    48 | D:1      | Found a faded altar of an unknown god.
   204 | D:1      | Reached XP level 2. HP: 16/16 MP: 4/8
   608 | D:1      | Reached skill level 9 in Conjurations
   608 | D:1      | Reached XP level 3. HP: 20/20 MP: 9/14
   609 | D:1      | Reached skill level 5 in Dodging
   609 | D:1      | Reached skill level 11 in Conjurations
   609 | D:1      | Reached XP level 4. HP: 28/28 MP: 10/17
   740 | D:2      | Noticed Jessica
   742 | D:2      | Killed Jessica
   743 | D:2      | Reached XP level 5. HP: 32/32 MP: 9/18
  1529 | D:2      | Learned a level 2 spell: Searing Ray
  1534 | D:2      | Learned a level 4 spell: Iskenderun's Mystic Blast
  1817 | D:3      | Found an ornate altar of the Wu Jian Council.
  1894 | D:3      | Found a runed translucent door.
  1895 | D:3      | Noticed Crazy Yiuf
  1964 | D:3      | Killed Crazy Yiuf
  1964 | D:3      | HP: 1/32 [poisoned by Crazy Yiuf]
  1965 | D:3      | Succumbed to Crazy Yiuf's poison

Illustrated notes

Levels and vault maps discovered:
D:1:      lordsloth_arrival_two_stooges, layout_basic,
          chequers_ecumenical_altar_simple
D:2:      layout_loops_ring, uniq_jessica
D:3:      layout_loops_cross, ashenzari_conservatory_becter,
          nzn_wu_jian_council_hall, chequers_serial_rivers_room_a,
          grunt_decor_cap, hangedman_abyss_or_decor_lesser_grid,
          hangedman_decor_peaks_small, minmay_gold_behind_fungi, uniq_natasha,
          uniq_crazy_yiuf_cottage

Skill      XL: |  1  2  3 |
---------------+----------+-----
Spellcasting   | 7 9 |  9.2
Conjurations   | 9 11 | 11.2
Fighting       | 3 |  3.1
Dodging        | 5 |  5.4
Stealth        | |  2.4
Translocations | |  0.3

Action                     |  1- 3 |  4- 6 || total
---------------------------+-------+-------++-------
   Cast: Magic Dart        |    23 |    70 ||    93
         Searing Ray       |       |     1 ||     1
    Use: Potion            |     2 |     1 ||     3
  Dodge: Dodged            |       |    11 ||    11

Table legend: (Time is in decaauts)
 A = Elapsed time spent in this place.
 B = Non-inter-level travel time spent in this place.
 C = Inter-level travel time spent in this place.
 D = Time resting spent in this place.
 E = Time spent auto-exploring this place.
 F = Levels seen in this place.
 G = Mean time per level.
                   A        B        C        D        E       F      G
               +--------+--------+--------+--------+--------+-----+--------+
         Total |   1964 |   1910 |     54 |      0 |   1718 |   3 |  654.7 |
       Dungeon |   1964 |   1910 |     54 |      0 |   1718 |   3 |  654.7 |
               +--------+--------+--------+--------+--------+-----+--------+

Top non-repeatable levels by time:
     D:2: 899 daAuts
     D:1: 658 daAuts
     D:3: 406 daAuts
